 Dungeon Crawl Stone Soup version 0.30-a0-187-gd9c2deaf24 (webtiles) character file.

Game seed: 2968752605049417123

168 freelancePsychic the Covered (level 5, -7/58 HPs)
             Began as an Armataur Fighter on Oct 3, 2022.
             Was a Follower of Hepliaklqana.
             Mangled by a gnoll
             ... wielding a +0 halberd
              (9 damage)
             ... on level 3 of the Dungeon.
             The game lasted 00:05:13 (2044 turns).

freelancePsychic the Covered (Armataur Fighter)     Turns: 2044, Time: 00:05:14

Health: -7/58      AC: 22    Str: 23    XL:     5   Next: 23%
Magic:  5/5        EV:  1    Int:  8    God:    Hepliaklqana [*.....]
Gold:   112        SH:  5    Dex:  8    Spells: 4/4 levels left

rFire   . . .      SeeInvis .    a - +0 flail (freeze)
rCold   . . .      Faith    .    c - +1 buckler
rNeg    . . .      Spirit   .    (body armour currently unavailable)
rPois   +          Reflect  .    (helmet currently unavailable)
rElec   .          Harm     .    (cloak currently unavailable)
rCorr   .          Roll     +    (gloves currently unavailable)
Will    .....      Clarity  +    (no barding)
Stlth   +......... NoTele   +    (no amulet)
HPRegen 0.29/turn                (no ring)
MPRegen 0.09/turn                (no ring)

@: tree-form, weak-willed
A: stationary, stasis, torment immunity, boosted hp, reduced essence, large,
rugged brown scales 3, (deformed body), (armoured tail), roll, long tongue,
awkward tongue, clarity, clumsy 1, frail 1
a: Renounce Religion, Recall Ancestor, Ancestor Identity


You were on level 3 of the Dungeon.
You worshipped Hepliaklqana.
Hepliaklqana was aware of your devotion.
You were a tree.
You visited 1 branch of the dungeon, and saw 3 of its levels.

You collected 112 gold pieces.

Inventory:

Hand Weapons
 a - a +0 flail of freezing (weapon)
 h - a +1 dagger of venom
Armour
 b - a +0 scale mail (melded)
 c - a +1 buckler (worn)
Jewellery
 g - a ring of poison resistance
Scrolls
 e - 3 scrolls of amnesia
 f - 2 scrolls of identify {@r1}
 l - 2 scrolls of immolation
 m - 2 scrolls of teleportation {@r4}
 o - 2 scrolls of vulnerability
Potions
 d - a potion of might


   Skills:
 + Level 3.5 Fighting
 * Level 3.7 Maces & Flails
 + Level 4.7 Armour
 - Level 3.2 Shields


You had 4 spell levels left.
You didn't know any spells.
Your spell library contained the following spells:

 Spells                   Type           Power      Damage    Failure   Level
 Apportation              Tloc           0%         N/A       47%         1
 Foxfire                  Conj/Fire      0%         2x1d4     47%         1
 Necrotise                Necr           0%         1d4       47%         1
 Summon Small Mammal      Summ           0%         N/A       47%         1
 Blink                    Tloc           0%         N/A       63%         2
 Momentum Strike          Conj/Tloc      0%         3d8       63%         2
 Call Canine Familiar     Summ           0%         N/A       85%         3
 Inner Flame              Hex/Fire       0%         N/A       85%         3
 Lesser Beckoning         Tloc           0%         N/A       85%         3
 Portal Projectile        Hex/Tloc       0%         N/A       85%         3
 Flame Wave               Conj/Fire      0%         2d4       99%         4
 Leda's Liquefaction      Hex/Erth       0%         N/A       99%         4
 Sticky Flame             Conj/Fire      0%         2d3       99%         4


Dungeon Overview and Level Annotations

Branches:
Dungeon (3/15)

Altars:
Cheibriados
Hepliaklqana


Innate Abilities, Weirdness & Mutations

You are a tree.
Your roots penetrate the ground, keeping you stationary.
You cannot be teleported.
You are immune to unholy pain and torment.
Your maximum health is greatly increased.
Your equipment is partially melded.
Your life essence is reduced to manifest your ancestor. (-10% HP)
(You are completely covered in rugged brown scales. (AC +3, +7% HP))
((Armour fits poorly on your strangely shaped body.))
((You have a long armoured tail.))
You roll when moving toward enemies. (Rampage)
Your long tongue fully drains potion bottles. (2x potion effects)
Your tongue gives you trouble enunciating. (1.5x scroll delay)
You possess an exceptional clarity of mind.
You are clumsy. (Dex -2)
You are frail. (-10% HP)


Message History

It is a scroll of brand weapon.
Your +0 flail is covered with a thin layer of ice!
a - a +0 flail of freezing (weapon)
The gnoll hits you but does no damage. x2; The gnoll hits you with a +0 club.
* * * LOW HITPOINT WARNING * * *
The gnoll hits you but does no damage.
As you read the scroll labelled FASHAI UREE, it crumbles to dust.
It is a scroll of enchant armour.
Your +0 buckler glows green for a moment.
The gnoll hits you but does no damage. The gnoll hits you with a +0 club.
* * * LOW HITPOINT WARNING * * *
Okay, then.
You sock the gnoll! You freeze the gnoll.
You kill the gnoll!
You block the gnoll's attack.
You aren't carrying any items that you can evoke.
Okay, then.
No other quiver actions available for cycling.
No other quiver actions available for cycling.
You aren't carrying any items that you can evoke.
Okay, then.
Okay, then.
The gnoll hits you but does no damage. You block the gnoll's attack.
The gnoll hits you from afar with a +0 halberd.
* * * LOW HITPOINT WARNING * * *
The gnoll hits you but does no damage.
An adder comes into view.
The adder hisses angrily.
The gnoll hits you but does no damage. The gnoll hits you but does no damage.
The gnoll completely misses you. The gnoll completely misses you.
The gnoll hits you but does no damage.
The gnoll hits you from afar with a +0 halberd.
* * * LOW HITPOINT WARNING * * *
The gnoll hits you but does no damage. You block the gnoll's attack.
The gnoll hits you from afar with a +0 halberd!
You die...

#..........##
##.
#...######.#
#.
#...........#
#.
#..######...#
#. #..# #...#
#. ##.# .(#
#.# #.# #♣#
#<# #g#
#S...#
#.##g.gg# #.#
##.. #.. ###


You could see a gnoll (weak-willed) and an adder.

Vanquished Creatures
  A jelly (D:3)
  An orc wizard (D:3)
  3 gnolls (D:3)
  2 adders
  2 worms (D:3)
  4 orcs (D:3)
  4 endoplasms
  2 giant cockroaches
  7 goblins
  4 hobgoblins
  6 jackals
  2 quokkas
  A ball python (D:3)
  2 bats (D:3)
  4 frilled lizards
  7 kobolds
  3 rats
55 creatures vanquished.

Vanquished Creatures (collateral kills)
  A dart slug (D:3)
1 creature vanquished.

Vanquished Creatures (others)
  An ancestor (D:3)
1 creature vanquished.

Grand Total: 57 creatures vanquished

Notes
Turn   | Place    | Note
-------+----------+-------------------------------------------
     0 | D:1      | freelancePsychic the Armataur Fighter began the quest for
                  | the Orb.
     0 | D:1      | Reached XP level 1. HP: 19/19 MP: 1/1
   296 | D:1      | Reached XP level 2. HP: 19/26 MP: 2/2
  1019 | D:2      | You fall into a shaft and drop 1 floor!
  1046 | D:3      | Reached skill level 4 in Armour
  1098 | D:2      | Reached XP level 3. HP: 25/33 MP: 3/3
  1663 | D:3      | Reached XP level 4. HP: 22/40 MP: 4/4
  1779 | D:3      | Found a faded altar of an unknown god.
  1788 | D:3      | Prayed at the altar of an unknown god.
  1788 | D:3      | Became a worshipper of Hepliaklqana the Forgotten
  1788 | D:3      | Reached * piety under Hepliaklqana
  1851 | D:3      | Found a snail-covered altar of Cheibriados.
  1929 | D:3      | Reached XP level 5. HP: 29/43 MP: 5/5
  2024 | D:3      | HP: 1/64 [gnoll/+0 halberd (5)]
  2026 | D:3      | Gained mutation: You are frail. (-10% HP) [potion of
                  | mutation]
  2026 | D:3      | Gained mutation: You are clumsy. (Dex -2) [potion of
                  | mutation]
  2026 | D:3      | Gained mutation: You possess an exceptional clarity of
                  | mind. [potion of mutation]
  2041 | D:3      | HP: 1/58 [gnoll/+0 halberd (4)]
  2044 | D:3      | Mangled by a gnoll

Illustrated notes

Levels and vault maps discovered:
D:1:      minmay_arrival_nine_rooms, layout_basic, serial_rivers,
          chequers_serial_rivers_micro_e, chequers_serial_rivers_micro_e,
          chequers_serial_rivers_small_b, chequers_serial_rivers_small_3
D:2:      layout_basic, minmay_quadrilaterals
D:3:      layout_loops_ring, kennysheep_slug_shrine,
          hellmonk_ecumenical_altar_slurped_away, serial_shops, shop

Skill      XL: |  1  2  3 |
---------------+----------+-----
Maces & Flails | 2 3 |  3.7
Armour         | 4 |  4.7
Fighting       | 3 |  3.5
Shields        | |  3.2

Action                   |  1- 3 |  4- 6 || total
-------------------------+-------+-------++-------
Melee: Flail             |   128 |    37 ||   165
       Tailslap          |    12 |     3 ||    15
Invok: Ancestor Identity |       |     1 ||     1
  Use: Scroll            |     4 |     5 ||     9
       Potion            |       |     3 ||     3
Armor: Scale mail        |    80 |    10 ||    90
       Skin              |       |    18 ||    18
Dodge: Dodged            |    74 |    11 ||    85
Block: Buckler           |    32 |    12 ||    44

Table legend: (Time is in decaauts)
 A = Elapsed time spent in this place.
 B = Non-inter-level travel time spent in this place.
 C = Inter-level travel time spent in this place.
 D = Time resting spent in this place.
 E = Time spent auto-exploring this place.
 F = Levels seen in this place.
 G = Mean time per level.
                   A        B        C        D        E       F      G
               +--------+--------+--------+--------+--------+-----+--------+
         Total |   2103 |   2051 |     52 |      0 |   1623 |   3 |  701.0 |
       Dungeon |   2103 |   2051 |     52 |      0 |   1623 |   3 |  701.0 |
               +--------+--------+--------+--------+--------+-----+--------+

Top non-repeatable levels by time:
     D:1: 1005 daAuts
     D:2: 575 daAuts
     D:3: 522 daAuts
